 Dungeon Crawl Stone Soup version 0.29.0-4-gdea44cf6ec (webtiles) character file.

Game seed: 10946986236499029041

14 qw the Chopper (level 2, -1/17 HPs)
             Began as a Tengu Warper on Aug 28, 2022.
             Slain by a gnoll
             ... wielding a +0 whip
              (3 damage)
             ... on level 1 of the Dungeon.
             The game lasted 00:00:02 (395 turns).

qw the Chopper (Tengu Warper)                        Turns: 395, Time: 00:00:02

Health: -1/17      AC:  3    Str: 11    XL:     2   Next: 41%
Magic:  6/6        EV: 11    Int: 13    God:
Gold:   0          SH:  0    Dex: 13    Spells: 5/5 levels left

rFire   . . .      SeeInvis .   a - +0 hand axe
rCold   . . .      Faith    .   (no shield)
rNeg    . . .      Spirit   .   b - +0 leather armour
rPois   .          Reflect  .   (helmet restricted)
rElec   .          Harm     .   (no cloak)
rCorr   .          Rampage  .   (no gloves)
Will    .....                   (boots unavailable)
Stlth   +.........              (no amulet)
HPRegen 0.05/turn               (no ring)
MPRegen 0.10/turn               (no ring)

@: no status effects
A: beak, talons 3
a: no special abilities


You were on level 1 of the Dungeon.
You visited 1 branch of the dungeon, and saw 1 of its levels.


Innate Abilities, Weirdness & Mutations

You have a beak for a mouth.
You have claws for feet.


   Skills:
 - Level 2.0 Fighting
 + Level 3.3 Axes
 - Level 1.0 Throwing
 - Level 1.1 Armour
 - Level 2.1 Dodging
 - Level 2.0 Spellcasting
 - Level 2.4 Translocations


You had 5 spell levels left.
You didn't know any spells.
Your spell library contained the following spells:

 Spells                   Type           Power      Damage    Failure   Level
 Blink                    Tloc           14%        N/A       19%         2
 Gell's Gravitas          Tloc           7%         N/A       36%         3
 Lesser Beckoning         Tloc           7%         N/A       36%         3
 Teleport Other           Tloc           7%         N/A       36%         3
 Manifold Assault         Tloc           7%         N/A       98%         5

Inventory:

Hand Weapons
 a - a +0 hand axe (weapon)
 d - a +0 club
Armour
 b - a +0 leather armour (worn)
Scrolls
 c - a scroll of blinking
Potions
 e - a potion of haste {unknown}

Dungeon Overview and Level Annotations

Branches:
Dungeon (1/15)

Altars:


Message History

The jackal bites you but does no damage.
The rat bites you but does no damage. The jackal bites you. The rat bites you.
You hit the rat.
You kill the rat!
You hit the jackal. You closely miss the jackal. The jackal bites you.
The jackal bites you but does no damage.
The jackal closely misses you.
You hit the jackal but do no damage. You claw the jackal.
You kill the jackal!
You barely miss the jackal. The jackal closely misses you.
You hit the jackal. You peck the jackal.
The jackal is heavily wounded.
The jackal bites you.
The jackal bites you but does no damage.
You hit the jackal.
You kill the jackal!
You start resting.
HP restored.
d - a +0 club
e - a yellow potion
Found a stone staircase leading down.
A gnoll comes into view. It is wielding a +0 whip.
Enter note:
Enter note: You barely miss the gnoll.
Your kick misses the gnoll. The gnoll hits you with a +0 whip.
You closely miss the gnoll. The gnoll hits you with a +0 whip.
You hit the gnoll. You claw the gnoll!
The gnoll is severely wounded.
The gnoll barely misses you.
You closely miss the gnoll. Your peck misses the gnoll.
The gnoll is severely wounded.
The gnoll hits you with a +0 whip.
You barely miss the gnoll.
The gnoll is severely wounded.
The gnoll hits you with a +0 whip.
You die...

...#...##).#...####.#...#
...#...#...#.(....#.....#
#..#...#..###...........#
.#..###..#...#......#...#
.#.. ...#. #....#.#####
##. #...#.. ##...#.# .#
.###.###..#....# . ..
......#..### ###. #@.# .
#.g## ..#...# #...# ..#.#
?....# #.....# .##...#


You could see a gnoll.

Vanquished Creatures
  2 hobgoblins (D:1)
  3 jackals (D:1)
  A quokka (D:1)
  A bat (D:1)
  3 kobolds (D:1)
  2 rats (D:1)
12 creatures vanquished.

Notes
Turn   | Place    | Note
-------+----------+-------------------------------------------
     0 | D:1      | qw the Tengu Warper began the quest for the Orb.
     0 | D:1      | Reached XP level 1. HP: 12/12 MP: 4/4
     0 | D:1      | 0 ||| qw: Version: 0.1-a-89-g26bdef1
     0 | D:1      | 0 ||| qw: Game counter: 1491
     0 | D:1      | 0 ||| qw: Always use a shield: true
     0 | D:1      | 0 ||| qw: God list: Okawaru
     0 | D:1      | 0 ||| qw: Allow faded altars: false
     0 | D:1      | 0 ||| qw: Do Orc after D:15 true
     0 | D:1      | 0 ||| qw: Do second Lair branch before Depths: true
     0 | D:1      | 0 ||| qw: Lair rune preference: random
     0 | D:1      | 0 ||| qw: Plans: Normal
     0 | D:1      | 0 ||| PLANNING D:1-11
    59 | D:1      | 59 ||| Stepping ~*~*~tactically~*~*~ (stealth).
    96 | D:1      | 96 ||| Stepping ~*~*~tactically~*~*~ (stealth).
    98 | D:1      | 98 ||| Stepping ~*~*~tactically~*~*~ (stealth).
   100 | D:1      | 100 ||| Stepping ~*~*~tactically~*~*~ (stealth).
   108 | D:1      | Reached XP level 2. HP: 17/17 MP: 6/6
   112 | D:1      | Reached skill level 3 in Axes
   114 | D:1      | 114 ||| Stepping ~*~*~tactically~*~*~ (stealth).
   394 | D:1      | HP: 2/17 [gnoll/+0 whip (3)]
   395 | D:1      | Slain by a gnoll

Levels and vault maps discovered:
D:1:      zaba_arrival_water, layout_rooms, ebering_ecumenical_altar_abandoned,
          nicolae_titane

Skill      XL: |  1  2 |
---------------+-------+-----
Axes           | 3 |  3.3
Fighting       | |  2.0
Throwing       | |  1.0
Armour         | |  1.1
Dodging        | |  2.1
Spellcasting   | |  2.0
Translocations | |  2.4

Action                   || total
-------------------------++-------
Melee: Hand axe          ||    34
       Kick              ||     7
       Peck              ||     6
       Punch             ||     1
Throw: Boomerang         ||     7
Armor: Leather armour    ||    14
Dodge: Dodged            ||    25

Table legend:
 A = Non-vault XP
 B = Vault XP
 C = Vault XP percentage of total XP
 D = Non-vault monster count
 E = Vault monster count
 F = Vault count percentage of total count
                 A         B        C        D         E       F
            +---------+---------+-------+---------+---------+-------
      Total |      20 |       0 |   0.0 |      12 |       0 |   0.0
            +---------+---------+-------+---------+---------+-------
        D:1 |      20 |       0 |   0.0 |      12 |       0 |   0.0
            +---------+---------+-------+---------+---------+-------
